 Dungeon Crawl Stone Soup version 0.22-a0-812-g4c1e2d5471 (webtiles) character file.

107481 Htamos the Nimble (level 15, -13/231 HPs)
             Began as a Troll Monk on July 23, 2018.
             Was an Elder of Jiyva.
             Killed from afar by a thorn hunter (24 damage)
             ... with a volley of thorns
             ... on level 4 of the Swamp.
             The game lasted 01:26:16 (24915 turns).

Htamos the Nimble (Troll Monk)                     Turns: 24915, Time: 01:26:16

Health: -13/231    AC: 27    Str: 13    XL:     15   Next: 63%
Magic:  12/14      EV:  1    Int: 11    God:    Jiyva [****..]
Gold:   893        SH: 12    Dex: 24    Spells: 10/14 levels left

rFire    . . .     SeeInvis .   M - +1 scimitar (flame)
rCold    . . .     Gourm    +   I - +2 shield {rN+}
rNeg     + + +     Faith    .   (armour currently unavailable)
rPois    +         Spirit   .   (helmet currently unavailable)
rElec    .         Reflect  .   (cloak currently unavailable)
rCorr    +         Harm     .   (gloves unavailable)
MR       +....     NoTele   +   (boots unavailable)
Stlth    ++++......             t - amulet of the acrobat
HPRegen  0.88/turn              x - ring of poison resistance
MPRegen  0.14/turn              J - ring of stealth

@: tree-form
A: large, unfitting armour, blurry vision 1, clever 1, fast metabolism 3,
gourmand, regeneration 1
}: 1/15 runes: slimy
a: Request Jelly, Slimify, Renounce Religion


You were on level 4 of the Swamp.
You worshipped Jiyva.
Jiyva was greatly pleased with you.
You were not hungry.
You were a tree.
You visited 5 branches of the dungeon, and saw 29 of its levels.

You collected 893 gold pieces.

Inventory:

Hand Weapons
 d - a +2 vampiric battleaxe
 l - a +2 whip of venom
 w - the +9 trident "Cuxkoupu" {holy, *Noise +Rage MR+}
   (You took it off a spriggan on level 1 of the Lair of Beasts)

   It has been blessed by the Shining One to cause great damage to the undead
   and demons.
   It affects your resistance to hostile enchantments.
   It lets you go berserk.
   It may make noises in combat.
 y - the +8 dagger "Xouqomui" {freeze, rElec rPois Str+5}
   (You found it on level 4 of the Dungeon)

   It has been specially enchanted to freeze those struck by it, causing extra
   injury to most foes and up to half again as much damage against particularly
   susceptible opponents.
   It can also slow down cold-blooded creatures.
   It affects your strength (+5).
   It insulates you from electricity.
   It protects you from poison.
 B - a +0 dagger of venom
 K - a +0 dagger of holy wrath
 M - a +1 scimitar of flaming (weapon)
 Q - the +6 rapier of Ahamonk {speed, +Inv rPois Stlth+}
   (You found it on level 6 of the Lair of Beasts)

   Attacks with this weapon are significantly faster.
   It protects you from poison.
   It lets you turn invisible.
   It makes you more stealthy.
 T - the +6 great mace "Asiblimiatt" {crush, rElec rN+, unknown}
   (You found it on level 5 of the Pits of Slime)

   It inflicts extra damage upon your enemies.
   It insulates you from electricity.
   It protects you from negative energy.
Missiles
 e - a large rock (quivered)
Armour
 a - a +1 robe
 k - a +0 troll leather armour (melded)
 s - a +2 cloak (melded)
 u - a +2 hat (melded)
 I - a +2 shield of positive energy (worn)
 R - +0 swamp dragon scales
Jewellery
 o - an uncursed ring of magical power
 q - an uncursed ring of ice
 t - an amulet of the acrobat (around neck)
 v - an uncursed ring of resist corrosion
 x - a ring of poison resistance (left branch)
 J - a ring of stealth (right branch)
 U - the ring "Woumomn" {*Tele rC+, unknown}
   (You found it on level 5 of the Pits of Slime)

   [ring of teleportation]

   It may teleport you next to monsters.
   It protects you from cold.
Wands
 f - a wand of flame (67)
 A - a wand of digging (27)
 D - a wand of paralysis (40)
 H - a wand of acid (10)
 L - a wand of polymorph (29)
 S - a wand of disintegration (12)
Scrolls
 c - 8 scrolls of remove curse
 i - 5 scrolls of amnesia
 m - 3 scrolls of identify
 E - 4 scrolls of magic mapping
 G - a scroll of fog
 N - a scroll of blinking
 O - 2 scrolls of brand weapon {unknown}
Potions
 h - 3 potions of flight
 j - a potion of haste
 n - 2 potions of resistance
 p - 2 potions of lignification
 r - 2 potions of mutation
 z - a potion of degeneration
Comestibles
 b - 28 rations


   Skills:
 + Level 11.4 Fighting
 + Level 6.0 Armour
 * Level 14.4 Dodging
 - Level 3.0 Stealth
 + Level 5.9 Shields
 * Level 13.8 Unarmed Combat
 - Level 1.0 Transmutations
 - Level 4.5 Earth Magic


You had 10 spell levels left.
You knew the following spells:

 Your Spells              Type           Power        Failure   Level  Hunger
a - Petrify               Tmut/Erth      #.......     91%         4    #####..

Your spell library contained the following spells:

 Spells                   Type           Power        Failure   Level  Hunger
 Lightning Bolt           Conj/Air       #.........   100%        5    ######.
 Mephitic Cloud           Conj/Pois/Air  #.......     90%         3    ####...
 Regeneration             Chrm/Necr      #.........   90%         3    ####...
 Sublimation of Blood     Necr           #.........   71%         2    ###....
 Shock                    Conj/Air       #...         56%         1    ##.....
 Swiftness                Chrm/Air       #.......     71%         2    ###....
 Airstrike                Air            #.........   100%        4    #####..
 Ignite Poison            Fire/Tmut/Pois #.......     88%         3    ####...
 Static Discharge         Conj/Air       #.......     90%         3    ####...
 Alistair's Intoxication  Tmut/Pois      #.......     100%        5    ######.
 Shroud of Golubria       Chrm/Tloc      #.........   71%         2    ###....
 Infusion                 Chrm           #...         56%         1    ##.....
 Song of Slaying          Chrm           #.......     71%         2    ###....
 Spectral Weapon          Hex/Chrm       #.......     90%         3    ####...
 Irradiate                Conj/Tmut      #.........   100%        5    ######.
 Yara's Violent Unravell  Hex/Tmut       #.........   100%        5    ######.
 Poisonous Vapours        Pois/Air       #.....       71%         2    ###....


Dungeon Overview and Level Annotations

Branches:
Dungeon (13/15)            Temple (1/1) D:6            Lair (6/6) D:9
  Swamp (4/4) Lair:4        Snake (0/4) Lair:4        Slime (5/5) Lair:5
    Orc (0/2) D:11         Vaults (0/5) D:13

Altars:
Ashenzari
Cheibriados
Dithmenos
Elyvilon
Fedhas
Gozag
Hepliaklqana
Kikubaaqudgha
Makhleb
Nemelex Xobeh
Okawaru
Qazlal
Ru
Sif Muna
Trog
Uskayaw
Vehumet
Wu Jian
Xom
Yredelemnul
Zin
The Shining One
Jiyva

Annotations:
D:3 1 runed door
Lair:3 1 runed door, Fandomethor's ghost, journeyman GrFi
Slime:5 Royal Jelly


Innate Abilities, Weirdness & Mutations

You are too large for most types of armour.
((You have claws for hands.))
Your metabolism is lightning-fast.
You like to eat raw meat.
Your natural rate of healing is unusually fast.
((You are covered in fur. (AC +1)))
((You have very tough skin. (AC +2)))
((You have a pair of horns on your head.))
Scrolls take you a little longer to read.
Your mind is acute. (Int +2)
((Your gelatinous body deflects attacks. (AC +3, EV +3)))
((Your translucent skin slightly reduces your foes' accuracy. (Stealth)))
((You have a small jelly attached to you that senses nearby items.))
((You have a small jelly attached to you that may absorb incoming projectiles.))


Message History

The thorn hunter fires a volley of thorns at you.
The volley of thorns hits you!
* * * LOW HITPOINT WARNING * * *
You hear a slurping noise.
Jiyva appreciates your sacrifice.
You feel a little less hungry.
You feel your power returning.
The slime creature barely misses the bog body.
The bog body hits the slime creature!!
The bog body touches the slime creature.
The slime creature dies!
The death yak disappears in a puff of smoke!
The elephant is no longer berserk.
The elephant disappears in a puff of smoke!
Unknown command.
Okay, then.
Okay, then.
The briar patch crumbles away.
The thorn hunter fires a volley of thorns at you.
Helpless, you fail to dodge the volley of thorns.
You die...

≈≈.≈♣♣♣♣.≈≈≈≈≈≈≈≈≈≈≈.≈≈≈≈≈≈.JPn≈.
≈≈♣♣♣...≈≈≈≈≈.≈≈≈.≈≈≈≈≈≈≈♣♣≈♣♣♣P.
≈≈♣♣≈≈§.≈≈≈≈≈≈.≈≈≈≈≈≈Y.≈≈♣♣♣♣ ♣♣♣
≈♣≈..≈≈≈≈≈≈≈≈≈.≈≈≈≈≈..≈♣♣#
..≈≈.♣≈≈≈≈≈≈≈≈..≈≈.♣♣.♣♣
♣≈≈.♣.≈≈≈≈≈≈≈♣.≈♣..♣♣♣♣
≈♣♣♣≈≈J.......J§n§≈♣ ∆ #
..♣♣.≈≈≈≈≈≈.≈≈..§f♣♣ #.
.≈≈♣≈.§≈≈≈≈≈≈≈≈≈♣♣♣♣♣♣ #k≈
≈≈.♣♣≈≈≈≈≈P≈≈≈≈≈.♣♣..♣♣ #.≈#
...♣♣♣♣≈≈≈PP≈≈≈≈≈..≈≈≈♣ .≈# ≈≈≈♣
♣≈≈≈≈P≈≈≈≈≈≈≈≈≈♣♣ ∆ #≈.
♣♣♣.≈P≈≈≈≈.≈≈≈≈.♣ ♣♣♣♣
♣≈≈≈P≈≈≈.≈≈≈.♣♣♣ ♣..♣♣
♣♣≈.P≈≈≈...♣♣♣
♣≈..♣♣♣♣≈.≈≈≈≈≈≈.≈.♣♣♣♣♣
≈≈.≈.....≈≈≈≈≈≈≈≈≈≈.≈≈.♣♣


You could see a thorn hunter, a bog body and a neutral jelly (fellow slime).

Vanquished Creatures
  2 thorn hunters
  Azrael (D:13)
  2 vault guards (D:13)
  The ghost of Liquorice the Grappler, a journeyman TrMo of Okawaru (Lair:1)
  13 hydras
  A centaur warrior (D:13)
  4 two-headed ogres
  14 alligators
  5 death yaks (Lair:4)
  A spriggan berserker (Swamp:4)
  An unseen horror (D:12)
  7 swamp dragons
  2 shambling mangroves
  2 phantasmal warriors
  2 ugly things
  A manticore (D:12)
  Joseph (D:8)
  A salamander (Lair:5)
  2 black mambas
  Maurice (D:8)
  The ghost of markus1189 the Covert, a novice VSAs of Dithmenos (D:7)
  A centaur skeleton (D:13)
  3 rime drakes
  2 gargoyles
  8 komodo dragons
  34 spiny frogs
  A polar bear (Lair:6)
  4 trolls
  8 tyrant leeches
  7 hornets
  27 blink frogs
  9 hippogriffs
  8 bog bodies
  A shapeshifter (D:13)
  A wraith (D:13)
  54 yaks
  Grum (D:10)
  A basilisk (Lair:5)
  8 spriggans
  Eustachio (D:4)
  3 fire elementals (D:13)
  13 humans (D:13)
  A hungry ghost (D:9)
  16 vampire mosquitoes
  24 swamp worms
  3 nagas (Lair:4)
  2 hell hounds (D:13)
  An acid dragon (D:13)
  4 water moccasins
  9 porcupines
  5 ice beasts
  5 orc warriors
  9 swamp drakes
  5 black bears
  3 phantoms
  2 sky beasts (D:11)
  4 ogres
  12 wolves
  9 centaurs
  6 crocodiles
  2 big kobolds
  25 bullfrogs
  2 scorpions
  A wyvern skeleton (D:11)
  29 killer bees
  4 wights (D:9)
  3 howler monkeys
  7 electric eels
  4 crimson imps
  3 bullfrog zombies
  A centaur zombie (D:7)
  7 orc wizards
  2 bullfrog skeletons
  4 hounds
  3 orc priests
  An iguana (D:11)
  11 worker ants
  A killer bee zombie (D:10)
  The ghost of aragog127 the Shield-Bearer, a weakling GrFi (D:3)
  A hound skeleton (D:5)
  7 adders
  9 gnolls (D:4)
  3 howler monkey skeletons
  3 river rats
  5 shadow imps
  3 oozes
  An adder zombie (D:6)
  2 worms
  3 dart slugs (D:1)
  9 leopard geckos
  26 orcs
  2 ball pythons
  3 bats
  6 giant cockroaches
  2 gnoll zombies (D:8)
  5 goblins
  6 hobgoblins
  16 jackals
  14 kobolds
  A quokka (D:10)
  8 frilled lizards
  A jackal zombie (D:8)
  2 leopard gecko skeletons
  8 rats
  A briar patch (Swamp:4)
  A fungus (Lair:4)
639 creatures vanquished.

Vanquished Creatures (collateral kills)
  A death knight (D:13)
1 creature vanquished.

Vanquished Creatures (others)
  2 acid blobs
  An unseen horror (D:11)
  A wizard (D:13)
  A necromancer (D:13)
  An ugly thing (D:11)
  A manticore (D:12)
  3 spiny frogs
  A troll (D:11)
  A tyrant leech (Swamp:2)
  17 slime creatures
  A blink frog (Lair:6)
  2 hippogriffs (D:10)
  A basilisk (Lair:2)
  A wyvern (D:12)
  4 humans (D:13)
  A wraith (D:10)
  A golden eye (Slime:5)
  4 vampire mosquitoes
  2 porcupines
  A necrophage (D:10)
  An eye of draining (D:12)
  A sky beast (D:9)
  3 centaurs
  2 crocodiles
  8 bullfrogs
  194 jellies
  An electric eel (Lair:6)
  2 orc priests (D:11)
  An orc wizard (D:11)
  2 iguanas
  2 worker ants
  An adder (D:10)
  A shadow imp (D:11)
  8 orcs
  2 jackals (D:10)
  2 kobolds (D:11)
  A briar patch (Swamp:4)
  A bush (Lair:5)
  63 fungi
  66 plants
409 creatures vanquished.

Grand Total: 1049 creatures vanquished

Notes
Turn   | Place    | Note
-------+----------+-------------------------------------------
     0 | D:1      | Htamos the Troll Monk began the quest for the Orb.
     0 | D:1      | Reached XP level 1. HP: 22/22 MP: 0/0
   110 | D:1      | Reached XP level 2. HP: 29/29 MP: 1/1
   573 | D:1      | Reached XP level 3. HP: 36/36 MP: 2/2
   866 | D:2      | Noticed a phantom
   915 | D:2      | Killed a phantom
   915 | D:2      | Reached skill level 3 in Dodging
   915 | D:2      | Reached XP level 4. HP: 32/45 MP: 3/3
   969 | D:2      | Reached XP level 5. HP: 38/53 MP: 4/4
  1821 | D:3      | Found a runed door.
  1987 | D:3      | Found a runed door.
  1996 | D:3      | Noticed aragog127's ghost (weakling GrFi)
  2094 | D:3      | Killed aragog127's ghost
  2275 | D:4      | Reached XP level 6. HP: 61/61 MP: 5/5
  2277 | D:4      | Noticed Eustachio
  2294 | D:4      | Killed Eustachio
  2514 | D:4      | Reached XP level 7. HP: 30/68 MP: 6/6
  2690 | D:4      | Reached skill level 4 in Dodging
  2881 | D:4      | Reached skill level 5 in Unarmed Combat
  3147 | D:4      | Got a pitted dagger
  3148 | D:4      | Identified the +8 dagger "Xouqomui" {freeze, rElec rPois Str+5} (You found it on level 4 of the Dungeon)
  3165 | D:5      | Entered Level 5 of the Dungeon
  3613 | D:5      | Found a hide-covered altar of Uskayaw.
  3614 | D:5      | Found a bloodstained altar of Trog.
  4065 | D:5      | Reached XP level 8. HP: 79/79 MP: 7/7
  4352 | D:6      | Found a staircase to the Ecumenical Temple.
  4397 | Temple   | Entered the Ecumenical Temple
  4722 | D:7      | Reached skill level 5 in Dodging
  4916 | D:6      | HP: 2/79 [centaur (9)]
  5067 | D:6      | Reached skill level 5 in Fighting
  5293 | D:6      | Reached skill level 6 in Dodging
  5640 | D:7      | Reached XP level 9. HP: 34/88 MP: 8/8
  5794 | D:7      | Found a shimmering altar of Xom.
  5797 | D:7      | Found a deep blue altar of Sif Muna.
  6262 | D:7      | Reached skill level 7 in Dodging
  6376 | D:7      | Found a large runed door.
  6376 | D:7      | Found a large runed door.
  6380 | D:7      | Noticed markus1189's ghost (novice VSAs)
  6721 | D:7      | Killed markus1189's ghost
  6766 | D:8      | Found a blossoming altar of Fedhas.
  6767 | D:8      | Noticed Maurice
  6792 | D:8      | Killed Maurice
  7019 | D:8      | Found a basalt altar of Yredelemnul.
  7489 | D:9      | Reached skill level 8 in Dodging
  7559 | D:9      | Reached XP level 10. HP: 76/100 MP: 9/9
  7569 | D:9      | Noticed a two-headed ogre
  7663 | D:9      | Noticed Joseph
  7703 | D:9      | HP: 4/100 [Joseph/uncursed quarterstaff (17)]
  7845 | D:8      | Killed Joseph
  7925 | D:9      | Found a staircase to the Lair.
  8028 | D:8      | Killed a two-headed ogre
  8028 | D:8      | Reached skill level 9 in Dodging
  8198 | Lair:1   | Entered Level 1 of the Lair of Beasts
  8229 | Lair:2   | You fall through a shaft!
  8291 | Lair:5   | Found a viscous altar of Jiyva.
  8291 | Lair:5   | Found a staircase to the Slime Pits.
  8303 | Lair:5   | Became a worshipper of Jiyva Jummae the Shapeless
  8303 | Lair:5   | Reached * piety under Jiyva
  8303 | Lair:5   | Reached ** piety under Jiyva
  8341 | Lair:5   | Noticed a spiny frog
  8341 | Lair:5   | Noticed a spiny frog
  8353 | Lair:5   | Killed a spiny frog
  8371 | Slime:1  | Entered Level 1 of the Pits of Slime
  8371 | Slime:1  | Noticed an acid blob
  8376 | Slime:1  | Noticed a shining eye
  8383 | Slime:1  | Killed a spiny frog
  8456 | Lair:5   | Noticed a swamp dragon
  8468 | Lair:5   | Noticed a spiny frog
  8558 | Lair:3   | Found a runed door.
  8558 | Lair:3   | Noticed a spiny frog
  8609 | Lair:4   | Reached XP level 11. HP: 93/109 MP: 10/10
  8667 | Lair:4   | Reached skill level 10 in Dodging
  8978 | Lair:3   | Reached *** piety under Jiyva
  9089 | Lair:2   | Gained mutation: You have large cloven feet. [Jiyva's grace]
  9197 | Lair:1   | Found a runed door.
  9199 | Lair:1   | Noticed Liquorice's ghost (journeyman TrMo)
  9200 | Lair:1   | Noticed a spriggan rider
 10247 | Lair:1   | You fall through a shaft!
 10335 | Lair:2   | Reached **** piety under Jiyva
 10424 | Lair:2   | Reached skill level 10 in Unarmed Combat
 10648 | Lair:2   | Reached skill level 11 in Dodging
 10674 | Lair:2   | Noticed a seven-headed hydra
 10729 | Lair:3   | Lost mutation: You have large cloven feet. [Jiyva's grace]
 11258 | Lair:3   | Noticed a six-headed hydra
 11462 | Lair:1   | Killed Liquorice's ghost
 11462 | Lair:1   | Reached XP level 12. HP: 45/122 MP: 11/11
 11721 | Lair:1   | Got an encrusted trident {holy}
 11722 | Lair:1   | Identified the +9 trident "Cuxkoupu" {holy, *Noise +Rage MR+} (You took it off a spriggan on level 1 of the Lair of Beasts)
 12096 | D:9      | Reached ***** piety under Jiyva
 12328 | D:9      | Found an ornate altar of the Wu Jian Council.
 12499 | D:10     | Entered Level 10 of the Dungeon
 12711 | D:10     | Gained mutation: You have a small jelly attached to you that may absorb incoming projectiles. [Jiyva's grace]
 12719 | D:10     | Noticed Grum
 12820 | D:10     | Killed Grum
 12820 | D:10     | Reached skill level 12 in Dodging
 13285 | D:10     | Gained mutation: You are weak. (Str -2) [Jiyva's grace]
 13766 | D:11     | Noticed a two-headed ogre
 13797 | D:10     | Killed a two-headed ogre
 13839 | D:11     | Noticed a two-headed ogre
 13857 | D:11     | Killed a two-headed ogre
 14046 | D:11     | Gained mutation: Your mind is acute. (Int +2) [Jiyva's grace]
 14106 | D:11     | Reached ****** piety under Jiyva
 14174 | D:11     | Lost mutation: Your mind is acute. (Int +2) [Jiyva's grace]
 14281 | D:11     | Found a staircase to the Orcish Mines.
 14449 | D:12     | Found a blossoming altar of Fedhas.
 14537 | D:12     | Identified a scroll of acquirement
 14551 | D:12     | Noticed a six-headed hydra
 14569 | D:12     | Noticed a two-headed ogre
 14574 | D:12     | Killed a two-headed ogre
 14619 | D:12     | Gained mutation: Your rubbery body absorbs attacks. (AC +1, EV +1) [Jiyva's grace]
 14694 | D:12     | Gained mutation: Your pliable body absorbs attacks. (AC +2, EV +2) [Jiyva's grace]
 14741 | D:12     | Lost mutation: You are weak. (Str -2) [Jiyva's power]
 14749 | D:12     | Reached XP level 13. HP: 128/133 MP: 12/12
 15134 | D:13     | Reached skill level 1 in Armour
 15134 | D:13     | Reached skill level 1 in Shields
 15138 | D:13     | Reached skill level 10 in Fighting
 15196 | D:13     | Noticed Azrael
 15216 | D:13     | Killed Azrael
 15248 | D:13     | Learned a level 4 spell: Petrify
 15290 | D:13     | Gained mutation: You are weak. (Str -2) [Jiyva's grace]
 15488 | D:13     | Lost mutation: You are weak. (Str -2) [Jiyva's power]
 15539 | D:13     | Reached skill level 1 in Earth Magic
 15561 | D:13     | Gained mutation: Your translucent skin slightly reduces your foes' accuracy. (Stealth) [Jiyva's grace]
 15659 | D:13     | Reached skill level 13 in Dodging
 15869 | D:13     | Gained mutation: Your body has grown golden eyes which may confuse attackers. (Acc +3) [Jiyva's grace]
 15880 | D:13     | Paralysed by a wizard for 3 turns
 15900 | D:13     | Found a gate to the Vaults.
 16831 | Lair:3   | Noticed Fandomethor's ghost (journeyman GrFi)
 16984 | Lair:4   | Gained mutation: Armour fits poorly on your pseudopods. [Jiyva's grace]
 17077 | Lair:4   | Found a staircase to the Snake Pit.
 17159 | Lair:4   | Found a staircase to the Swamp.
 17881 | Lair:4   | Reached XP level 14. HP: 131/144 MP: 13/13
 17887 | Lair:4   | Gained mutation: Your flesh is cold resistant. (rC+) [Jiyva's grace]
 18186 | Lair:5   | Lost mutation: Your body has grown golden eyes which may confuse attackers. (Acc +3) [Jiyva's grace]
 18423 | Lair:5   | Noticed an acid blob
 18423 | Lair:5   | a catoblepas changed into an acid blob
 19070 | Lair:6   | Entered Level 6 of the Lair of Beasts
 19107 | Lair:6   | Got a dazzling rapier
 19108 | Lair:6   | Identified the +6 rapier of Ahamonk {speed, +Inv rPois Stlth+} (You found it on level 6 of the Lair of Beasts)
 19470 | Lair:6   | Lost mutation: Your flesh is cold resistant. (rC+) [Jiyva's grace]
 19628 | Lair:6   | Noticed an acid blob
 19628 | Lair:6   | a torpor snail changed into an acid blob
 19633 | Lair:6   | Killed an acid blob
 19635 | Lair:6   | Noticed an acid blob
 19635 | Lair:6   | an eight-headed hydra changed into an acid blob
 19643 | Lair:6   | Gained mutation: You are partially covered in slimy green scales. (AC +2) [Jiyva's grace]
 19764 | Lair:6   | Gained mutation: Your gelatinous body deflects attacks. (AC +3, EV +3) [Jiyva's grace]
 20154 | Lair:6   | Identified Sif Muna's Catalogue of Noxious Transmutation
 20607 | Lair:5   | Lost mutation: You are partially covered in slimy green scales. (AC +2) [Jiyva's grace]
 20650 | Slime:3  | Noticed an azure jelly
 20650 | Slime:3  | Noticed an azure jelly
 20665 | Slime:4  | Noticed an acid blob
 20672 | Slime:5  | Entered Level 5 of the Pits of Slime
 20678 | Slime:5  | Noticed an acid blob
 20678 | Slime:5  | Noticed an acid blob
 20681 | Slime:5  | Noticed an acid blob
 20687 | Slime:5  | Killed an acid blob
 20688 | Slime:5  | Noticed an acid blob
 20691 | Slime:5  | Found a viscous altar of Jiyva.
 20691 | Slime:5  | Noticed an azure jelly
 20691 | Slime:5  | Noticed the Royal Jelly
 20691 | Slime:5  | Noticed an azure jelly
 20691 | Slime:5  | Noticed an acid blob
 20693 | Slime:5  | Gained mutation: You have a small jelly attached to you that senses nearby items. [Jiyva's grace]
 20703 | Slime:5  | Noticed an acid blob
 20704 | Slime:5  | Noticed an acid blob
 20705 | Slime:5  | Gained mutation: Your spells are a little harder to cast, but a little more powerful. [Jiyva's grace]
 20712 | Slime:5  | Lost mutation: Armour fits poorly on your pseudopods. [Jiyva's grace]
 20718 | Slime:5  | Lost mutation: Your spells are a little harder to cast, but a little more powerful. [Jiyva's grace]
 20730 | Slime:5  | Got a warped great mace
 20733 | Slime:5  | Got a wavering marble ring
 20736 | Slime:5  | Got a slimy rune of Zot
 20856 | Swamp:1  | Entered Level 1 of the Swamp
 21076 | Swamp:1  | Gained mutation: Your mind is acute. (Int +2) [Jiyva's grace]
 21149 | Swamp:1  | Reached skill level 1 in Transmutations
 21174 | Swamp:1  | Reached skill level 5 in Armour
 21262 | Swamp:1  | Noticed an azure jelly
 21262 | Swamp:1  | a six-headed hydra changed into an azure jelly
 21747 | Swamp:2  | Reached skill level 5 in Shields
 21869 | Swamp:2  | Noticed an azure jelly
 21869 | Swamp:2  | a spriggan druid changed into an azure jelly
 21873 | Swamp:2  | Reached XP level 15. HP: 122/153 MP: 10/14
 21922 | Swamp:2  | Gained mutation: You are resistant to electric shocks. (rElec) [Jiyva's grace]
 22079 | Swamp:2  | Reached skill level 14 in Dodging
 22595 | Swamp:3  | Noticed a thorn hunter
 22769 | Swamp:2  | Lost mutation: You are resistant to electric shocks. (rElec) [Jiyva's grace]
 22795 | Swamp:3  | Killed a thorn hunter
 23505 | Swamp:4  | Entered Level 4 of the Swamp
 23671 | Swamp:4  | Noticed a thorn hunter
 23696 | Swamp:4  | Killed a thorn hunter
 23744 | Swamp:4  | Gained mutation: You have a pair of small horns on your head. [Jiyva's grace]
 24403 | Swamp:4  | Gained mutation: You have a pair of horns on your head. [Jiyva's grace]
 24645 | Swamp:4  | Noticed a thorn hunter
 24646 | Swamp:4  | Gained mutation: Scrolls take you a little longer to read. [Jiyva's grace]
 24912 | Swamp:4  | HP: 8/231 [thorn hunter (12)]
 24913 | Swamp:4  | HP: 3/231 [thorn hunter (5)]
 24915 | Swamp:4  | Killed from afar by a thorn hunter

Vault maps used:
D:1:      enne_arrival_octagon_isle, minmay_crystal_water
D:3:      ebering_ghost_sewer_f
D:4:      uniq_eustachio
D:5:      kennysheep_spiral_hall, gammafunk_temple_overflow_pools, first_ration,
          gup_sewer_entry_spiral
D:6:      minmay_temple_entry_mist
D:7:      nicolae_overflow_hidden_temple, serial_glass, glass_columns_a,
          glass_columns_c, feat_on_display, feat_on_display,
          ebering_ghost_disaster_area, the_bakery, kennysheep_boxes
D:8:      lemuel_zombie_altar_yredelemnul, old_standard_altar, uniq_maurice
D:9:      overflow_temple_1_default, due_lair_maze_entry_diamond, uniq_joseph
D:10:     uniq_grum
D:11:     david_orc_3, kennysheep_doodads
D:12:     basic_altar
D:13:     grunt_vaults_entry_tiered, statue_in_the_mist_lemuel, uniq_azrael
Temple:   regret_index_temple_generic_petals
Lair:1:   ebering_ghost_funeral_grove, beast_lair_carwin_11
Lair:2:   lab_entry_generic, serial_bayou_shore_a
Lair:3:   ebering_ghost_reflecting_pool
Lair:4:   swamp_mist_pool, guppyfry_snake_entry_garden
Lair:5:   onia_ninara_swampy_vault, slime_altar_1, serial_bayou_ford_a,
          infiniplex_staircase_pool, serial_bayou_shore_b
Lair:6:   minmay_lair_end_frog_pond, lemuel_fruit_tree
Swamp:1:  evilmike_swamp_ruin_rubble_1
Swamp:2:  evilmike_swamp_ruin_house_1
Swamp:3:  evilmike_swamp_ruin_wall, swamp_pool3
Swamp:4:  swamp_basic_johnstein

Skill      XL: |  1  2  3  4  5  6  7  8  9 10 11 12 13 14 15 |
---------------+----------------------------------------------+-----
Fighting       | 3 4 5 6 7 8 9 10 11 | 11.4
Dodging        | 3 4 6 8 9 11 12 13 14 | 14.4
Unarmed Combat | 4 5 6 7 9 10 11 12 13 | 13.8
Stealth        | 2 3 |  3.0
Armour         | 3 5 6 |  6.0
Shields        | 3 5 |  5.9
Earth Magic    | 3 4 |  4.5
Transmutations | 1 |  1.0

Action                   |  1- 3 |  4- 6 |  7- 9 | 10-12 | 13-15 || total
-------------------------+-------+-------+-------+-------+-------++-------
Melee: Unarmed           |    50 |   123 |    55 |   111 |  1551 ||  1890
       Punch             |       |     5 |     9 |    49 |       ||    63
       Dagger            |       |       |   342 |   525 |       ||   867
       Kick              |       |       |       |    55 |       ||    55
       Trident           |       |       |       |   404 |     6 ||   410
       Pseudopods        |       |       |       |       |   190 ||   190
       Scimitar          |       |       |       |       |   149 ||   149
       Headbutt          |       |       |       |       |    59 ||    59
Throw: Large rock        |     9 |       |     3 |     2 |       ||    14
Invok: Cure Bad Mutation |       |       |       |     1 |     1 ||     2
       Slimify           |       |       |       |       |    20 ||    20
       Request Jelly     |       |       |       |       |     4 ||     4
 Abil: Evoke Berserk Rag |       |       |       |       |     1 ||     1
Evoke: Wand              |       |       |     1 |    18 |     3 ||    22
  Use: Scroll            |       |     4 |    20 |     6 |    10 ||    40
       Potion            |       |       |     5 |     7 |     7 ||    19
 Stab: Sleeping          |     3 |     5 |     8 |     6 |     9 ||    31
       Distracted        |     1 |       |       |       |     2 ||     3
       Invisible         |       |       |     2 |       |       ||     2
       Confused          |       |       |       |       |     8 ||     8
  Eat: Chunk             |    13 |    15 |    40 |    59 |    53 ||   180
       Ration            |       |       |       |     1 |       ||     1
Armor: Robe              |    15 |    27 |   138 |   118 |       ||   298
       Troll leather arm |       |       |       |   190 |   313 ||   503
       Skin              |       |       |       |       |    18 ||    18
Dodge: Dodged            |    24 |    62 |   314 |  1089 |  1554 ||  3043
Block: Shield            |       |       |       |    24 |  1092 ||  1116
       Rpst.: Scimitar   |       |       |       |       |    32 ||    32

Table legend:
 A = Spawn XP
 B = Non-spawn XP
 C = Spawn XP percentage of total XP
 D = Spawn monster count
 E = Non-spawn monster count
 F = Spawn count percentage of total count
 G = Total turns spent on level
                    A         B        C        D         E        F      G
               +---------+---------+-------+---------+---------+-------+---------
         Total |       0 |  134973 |   0.0 |       0 |     647 |   0.0 | 24915
               +---------+---------+-------+---------+---------+-------+---------
           D:1 |       0 |      44 |   0.0 |       0 |      19 |   0.0 |   747
           D:2 |       0 |     175 |   0.0 |       0 |      16 |   0.0 |   570
           D:3 |       0 |     159 |   0.0 |       0 |      19 |   0.0 |   930
           D:4 |       0 |     595 |   0.0 |       0 |      23 |   0.0 |   918
           D:5 |       0 |     463 |   0.0 |       0 |      25 |   0.0 |  1183
           D:6 |       0 |    1037 |   0.0 |       0 |      24 |   0.0 |   843
           D:7 |       0 |    1804 |   0.0 |       0 |      28 |   0.0 |  1321
           D:8 |       0 |    2037 |   0.0 |       0 |      10 |   0.0 |  1061
           D:9 |       0 |    5701 |   0.0 |       0 |      58 |   0.0 |  1077
          D:10 |       0 |    3424 |   0.0 |       0 |      35 |   0.0 |  1240
          D:11 |       0 |    4553 |   0.0 |       0 |      30 |   0.0 |   711
          D:12 |       0 |    6313 |   0.0 |       0 |      22 |   0.0 |   651
          D:13 |       0 |   13271 |   0.0 |       0 |      50 |   0.0 |  1040
        Lair:1 |       0 |    5222 |   0.0 |       0 |      21 |   0.0 |  1650
        Lair:2 |       0 |    3481 |   0.0 |       0 |      15 |   0.0 |  1007
        Lair:3 |       0 |    4497 |   0.0 |       0 |      14 |   0.0 |  1047
        Lair:4 |       0 |   10876 |   0.0 |       0 |      33 |   0.0 |  1418
        Lair:5 |       0 |   13210 |   0.0 |       0 |      52 |   0.0 |  1595
        Lair:6 |       0 |   13470 |   0.0 |       0 |      50 |   0.0 |  1425
       Swamp:1 |       0 |    8993 |   0.0 |       0 |      22 |   0.0 |   847
       Swamp:2 |       0 |    8519 |   0.0 |       0 |      27 |   0.0 |  1021
       Swamp:3 |       0 |    7673 |   0.0 |       0 |      16 |   0.0 |   781
       Swamp:4 |       0 |   19382 |   0.0 |       0 |      37 |   0.0 |  1410
       Slime:1 |       0 |      74 |   0.0 |       0 |       1 |   0.0 |    29
               +---------+---------+-------+---------+---------+-------+---------
